 Dungeon Crawl Stone Soup version 0.22.1-2-g9c5b331 (webtiles) character file.

121 MalarOregon the Insei (level 5, 0/57 HPs)
             Began as a Merfolk Transmuter on Nov 21, 2018.
             Succumbed to an adder's poison
             ... on level 3 of the Dungeon.
             The game lasted 00:05:03 (2544 turns).

MalarOregon the Insei (Merfolk Transmuter)          Turns: 2544, Time: 00:05:04

Health: 0/57       AC:  2    Str: 15    XL:     5   Next: 5%
Magic:  4/8        EV: 14    Int: 13    God:
Gold:   78         SH:  0    Dex: 15    Spells: 3/9 levels left

rFire    . . .     SeeInvis .   k - +0 spear
rCold    . . .     Gourm    .   (no shield)
rNeg     . . .     Faith    .   b - +0 robe
rPois    .         Spirit   .   (no helmet)
rElec    .         Reflect  .   (no cloak)
rCorr    .         Harm     .   (no gloves)
MR       .....                  (no boots)
Stlth    ..........             (no amulet)
HPRegen  0.19/turn              (no ring)
MPRegen  0.11/turn              (no ring)

@: berserking, lethally poisoned (0 -> -9), very slightly contaminated, very
quick
A: change form in water, swift swim, stealthy swim
a: no special abilities


You were on level 3 of the Dungeon.
You were hungry.

You visited 1 branch of the dungeon, and saw 3 of its levels.

You collected 78 gold pieces.

Inventory:

Hand Weapons
 k - a +0 spear (weapon)
   (You found it on level 1 of the Dungeon)
Missiles
 a - 24 arrows
 c - 62 stones (quivered)
Armour
 b - a +0 robe (worn)
Jewellery
 n - a +2 ring of slaying {unknown}
   (You found it on level 2 of the Dungeon)
Scrolls
 f - 4 scrolls of remove curse {unknown}
 g - 3 scrolls of teleportation {unknown}
 h - a scroll of random uselessness {unknown}
 i - 2 scrolls of identify {unknown}
 m - 2 scrolls of immolation {unknown}
 p - a scroll of amnesia {unknown}
Potions
 j - a potion of flight {unknown}
 l - a potion of invisibility {unknown}
Comestibles
 d - 6 chunks of flesh
 e - 6 rations {!d}


   Skills:
 + Level 2.1 Fighting
 * Level 2.7 Polearms
 + Level 3.6 Dodging
 + Level 3.9 Unarmed Combat
 + Level 2.6 Spellcasting
 + Level 3.4 Transmutations


You had 3 spell levels left.
You knew the following spells:

 Your Spells              Type           Power        Failure   Level  Hunger
a - Beastly Appendage     Tmut           ##....       6%          1    #......
s - Sticks to Snakes      Tmut           ##......     9%          2    ###....
x - Spider Form           Tmut/Pois      #.........   34%         3    ###....

Your spell library contained the following spells:

 Spells                   Type           Power        Failure   Level  Hunger
 Ice Form                 Ice/Tmut       #.......     75%         4    #####..
 Blade Hands              Tmut           ##........   85%         5    ######.


Dungeon Overview and Level Annotations

Branches:
Dungeon (3/15)

Altars:


Message History

You are more poisoned.
The adder poisons you!
You hit the adder.
You feel sick. The adder bites you.
* * * LOW HITPOINT WARNING * * *
You are more poisoned.
The adder poisons you!
You feel sick.
You feel sick. The adder closely misses you.
You miscast Spider Form.
You are very lightly contaminated with residual magic.
You hear a crunching sound.
You are feeling hungry.
You feel sick. The adder barely misses you.
You miscast Beastly Appendage.
Your skin tingles.
You feel sick. The adder bites you.
* * * LOW HITPOINT WARNING * * *
You closely miss the adder.
You feel sick. The adder bites you.
* * * LOW HITPOINT WARNING * * *
You are more poisoned.
The adder poisons you! The adder misses you.
You hit the adder.
* * * LOW HITPOINT WARNING * * *
You feel sick. The adder completely misses you.
You barely miss the adder.
* * * LOW HITPOINT WARNING * * *
You feel sick. The adder barely misses you.
You barely miss the adder.
* * * LOW HITPOINT WARNING * * *
You feel sick. The adder misses you.
You closely miss the adder.
* * * LOW HITPOINT WARNING * * *
You feel sick. The adder barely misses you. The adder bites you.
* * * LOW HITPOINT WARNING * * *
You are more poisoned.
The adder poisons you!
It was a potion of berserk rage.
A red film seems to cover your vision as you go berserk!
You feel yourself moving faster!
You feel mighty!
* * * LOW HITPOINT WARNING * * *
You feel sick. The adder bites you.
* * * LOW HITPOINT WARNING * * *
You puncture the adder!
You kill the adder!
You have reached level 5!
You feel agile.
* * * LOW HITPOINT WARNING * * *
You feel sick.
Unknown command.
You feel a strong urge to attack something.
You die...

#.# #.#...#. #.# #.###.#.#.#.
#.# #.......#... # #..
....###.###### ##. #.# ###.#
#.#### ...# #?### #.###.##.##
#...# #...# #.##......# .....#
###†#.# #.###.##.## ......#
##.#@#.###.# ###..#
.......####..........####...###
.......')......................
.......####.......##........###
......# ##.#....##.#####..#
.....# ###.#####.# ...# #...#
#.# #.# ##.# ##'# #.# #.# .# #.
#.# #.. .#


There were no monsters in sight!

Vanquished Creatures
  5 adders
  An ooze (D:2)
  A worm (D:2)
  3 dart slugs
  3 leopard geckos
  2 ball pythons (D:3)
  2 giant cockroaches
  7 goblins
  4 hobgoblins
  4 jackals (D:2)
  7 kobolds
  5 quokkas
  7 bats
  5 frilled lizards
  5 rats
61 creatures vanquished.

Notes
Turn   | Place    | Note
-------+----------+-------------------------------------------
     0 | D:1      | MalarOregon the Merfolk Transmuter began the quest for the
                  | Orb.
     0 | D:1      | Reached XP level 1. HP: 15/15 MP: 3/3
   234 | D:1      | Reached XP level 2. HP: 19/21 MP: 3/5
   243 | D:1      | Learned a level 2 spell: Sticks to Snakes
   602 | D:1      | Reached XP level 3. HP: 27/27 MP: 6/6
   749 | D:1      | Reached skill level 1 in Polearms
  1525 | D:1      | Learned a level 3 spell: Spider Form
  1662 | D:2      | Reached XP level 4. HP: 29/33 MP: 4/7
  2541 | D:3      | HP: 2/49 [poisoned by an adder]
  2542 | D:3      | Reached XP level 5. HP: 1/38 MP: 3/8
  2544 | D:3      | Succumbed to an adder's poison

Skill      XL: |  1  2  3  4 |
---------------+-------------+-----
Transmutations | 3 |  3.4
Dodging        | 3 |  3.6
Polearms       | 1 2 |  2.7
Fighting       | 2 |  2.1
Unarmed Combat | |  3.9
Spellcasting   | |  2.6

Action                   |  1- 3 |  4- 6 || total
-------------------------+-------+-------++-------
Melee: Unarmed           |    65 |     4 ||    69
       Headbutt          |     4 |     1 ||     5
       Spear             |    55 |   105 ||   160
       Punch             |     2 |     2 ||     4
       Tailslap          |       |     1 ||     1
Throw: Stone             |       |     3 ||     3
 Cast: Beastly Appendage |    12 |     3 ||    15
       Spider Form       |     2 |     1 ||     3
  Use: Potion            |       |     1 ||     1
 Stab: Sleeping          |     1 |       ||     1
  Eat: Chunk             |     3 |     3 ||     6
Armor: Robe              |    16 |    11 ||    27
       Skin              |       |     1 ||     1
Dodge: Dodged            |    80 |    52 ||   132
